 Dungeon Crawl Stone Soup version 0.29-a0-352-g0917bc69df (webtiles) character file.

Game seed: 6613236162011833417

210 spaghetti the Slinger (level 5, 0/38 HPs)
             Began as a Gnoll Wanderer on Apr 24, 2022.
             Slain by a worm (7 damage)
             ... on level 3 of the Dungeon.
             The game lasted 00:04:08 (2496 turns).

spaghetti the Slinger (Gnoll Wanderer)              Turns: 2496, Time: 00:04:09

Health: 0/38       AC:  2    Str: 10    XL:     5   Next: 87%
Magic:  9/9        EV: 16    Int: 15    God:
Gold:   118        SH:  0    Dex: 11    Spells: 10/10 levels left

rFire   . . .      SeeInvis .   a - +2 hunting sling {sling}
rCold   . . .      Faith    .   (no shield)
rNeg    . . .      Spirit   .   d - +0 robe
rPois   .          Reflect  .   (no helmet)
rElec   .          Harm     .   (no cloak)
rCorr   .          Rampage  .   (no gloves)
Will    .....                   (no boots)
Stlth   ++........              (no amulet)
HPRegen 0.12/turn               i - +4 ring of evasion
MPRegen 0.11/turn               (no ring)

@: no status effects
A: fangs 1, strong nose, distributed training
a: no special abilities


You were on level 3 of the Dungeon.
You visited 1 branch of the dungeon, and saw 3 of its levels.

You collected 118 gold pieces.


Innate Abilities, Weirdness & Mutations

You have very sharp teeth.
Your uncanny sense of smell can sniff out nearby items.
Your experience applies equally to all skills.


   Skills:
 + Level 1.6 Fighting
 + Level 1.6 Short Blades
 + Level 1.6 Long Blades
 + Level 1.6 Axes
 + Level 1.6 Maces & Flails
 + Level 1.6 Polearms
 + Level 1.6 Staves
 + Level 8.7 Slings
 + Level 1.6 Bows
 + Level 1.6 Crossbows
 + Level 1.6 Throwing
 + Level 1.6 Armour
 + Level 3.1 Dodging
 + Level 1.6 Stealth
 + Level 1.6 Shields
 + Level 1.6 Unarmed Combat
 + Level 3.2 Spellcasting
 + Level 1.3 Conjurations
 + Level 1.3 Hexes
 + Level 1.3 Summonings
 + Level 1.3 Necromancy
 + Level 1.3 Translocations
 + Level 1.3 Transmutations
 + Level 1.3 Fire Magic
 + Level 1.3 Ice Magic
 + Level 5.6 Air Magic
 + Level 1.3 Earth Magic
 + Level 1.3 Poison Magic
 + Level 1.9 Invocations
 + Level 3.1 Evocations


You had 10 spell levels left.
You didn't know any spells.
Your spell library contained the following spells:

 Spells                   Type           Power      Damage    Failure   Level
 Poisonous Vapours        Pois/Air       24%        N/A       7%          2
 Static Discharge         Conj/Air       12%        N/A       7%          2

Inventory:

Hand Weapons
 a - a +2 hunting sling (weapon) {sling}
 s - a +0 short sword of venom {short}
   (You took it off an orc on level 3 of the Dungeon)
Missiles
 f - 2 boomerangs {throwing}
 g - 30 stones {throwing}
 r - 5 curare-tipped darts {=fthrowing}
Armour
 d - a +0 robe (worn)
Jewellery
 i - a +4 ring of evasion (left hand)
   (You found it on level 2 of the Dungeon)
 m - a ring of ice
   (You found it on level 2 of the Dungeon)
Scrolls
 e - 3 scrolls of identify {unknown}
 j - a scroll of fear {unknown}
 l - a scroll of fog {unknown}
 n - a scroll of enchant armour {unknown}
 o - a scroll of teleportation {unknown}
Potions
 b - a potion of heal wounds {unknown}
 c - a potion of invisibility
 h - a potion of flight {unknown}
 k - 2 potions of curing {unknown}
 p - a potion of might {unknown}
 q - a potion of cancellation {unknown}

Dungeon Overview and Level Annotations

Branches:
Dungeon (3/15)

Altars:
Makhleb
Uskayaw
Xom
Zin
The Shining One

Shops:
D:1 [ D:2

! .......[.†..........
##...........###########
#....######..# ###.....
..##..# .......# #.##..#
.......# #.##..# ..>..#
#.##..###...
#####..###...........
##.....).w@##..####...
........##)#....# .
.....P...#.#....#
.........#.#....#
...........#...<#
...†8.....###...#
...w....... .....
..........## ........#..


You could see a worm.


Message History

Press: ? - help, Q - select action, (/) - cycle Shift-Dir - straight line, f/p - endoplasm
Aim: an endoplasm (severely wounded, 86% to hit)
You shoot a sling bullet. The sling bullet hits the endoplasm.
You kill the endoplasm!
Fire: a) +2 hunting sling {sling}
Press: ? - help, Q - select action, (/) - cycle Shift-Dir - straight line, f - orc
Aim: an orc, wielding a +0 hand axe (60% to hit)
You shoot a sling bullet. The sling bullet hits the orc.
Fire: a) +2 hunting sling {sling}
Press: ? - help, Q - select action, (/) - cycle Shift-Dir - straight line, f/p - orc
Aim: an orc, wielding a +0 hand axe (moderately wounded, 60% to hit)
You shoot a sling bullet. The sling bullet hits the orc.
The orc hits you with a +2 vampiric short sword.
* * * LOW HITPOINT WARNING * * *
The orc closely misses you. 😨 HP[-3]
You take 3 damage, and now have 17/38 hp.
Fire: a) +2 hunting sling {sling}
Press: ? - help, Q - select action, (/) - cycle Shift-Dir - straight line, f/p - orc
Aim: an orc, wielding a +0 hand axe (severely wounded, 60% to hit)
You shoot a sling bullet. The sling bullet barely misses the orc.
The orc barely misses you. x2
Fire: a) +2 hunting sling {sling}
Press: ? - help, Q - select action, (/) - cycle Shift-Dir - straight line, f/p - orc
Aim: an orc, wielding a +0 hand axe (severely wounded, 60% to hit)
You shoot a sling bullet. The sling bullet hits the orc.
You kill the orc!
The orc hits you with a +2 vampiric short sword.
* * * LOW HITPOINT WARNING * * *
😨 HP[-6]
You take 6 damage, and now have 11/38 hp.
Fire: a) +2 hunting sling {sling}
Press: ? - help, Q - select action, (/) - cycle Shift-Dir - straight line, f - orc
Aim: an orc, wielding a +2 vampiric short sword and quivering boomerangs (60% to hit)
You shoot a sling bullet.
The sling bullet closely misses the orc.
The sling bullet hits the worm.
The orc misses you. 😨 HP[+1] Fire: a) +2 hunting sling {sling}
Press: ? - help, Q - select action, (/) - cycle Shift-Dir - straight line, f/p - orc
Aim: an orc, wielding a +2 vampiric short sword and quivering boomerangs (60% to hit)
You shoot a sling bullet.
The sling bullet closely misses the orc.
The sling bullet hits the worm.
The orc hits you with a +2 vampiric short sword.
* * * LOW HITPOINT WARNING * * *
😨 HP[-2]
You take 2 damage, and now have 10/38 hp.
Fire: a) +2 hunting sling {sling}
Press: ? - help, Q - select action, (/) - cycle Shift-Dir - straight line, f/p - orc
Aim: an orc, wielding a +2 vampiric short sword and quivering boomerangs (60% to hit)
You shoot a sling bullet. The sling bullet hits the orc!
You kill the orc!
Fire: a) +2 hunting sling {sling}
Press: ? - help, Q - select action, (/) - cycle Shift-Dir - straight line, f - worm
Aim: a worm (lightly wounded, 79% to hit)
You shoot a sling bullet.
The sling bullet barely misses the worm.
The worm closely misses you.
Fire: a) +2 hunting sling {sling}
Press: ? - help, Q - select action, (/) - cycle Shift-Dir - straight line, f/p - worm
Aim: a worm (lightly wounded, 79% to hit)
You shoot a sling bullet.
The sling bullet barely misses the worm.
Fire: a) +2 hunting sling {sling}
Press: ? - help, Q - select action, (/) - cycle Shift-Dir - straight line, f/p - worm
Aim: a worm (lightly wounded, 79% to hit)
You shoot a sling bullet.
The sling bullet hits the worm but does no damage.
The worm bites you.
* * * LOW HITPOINT WARNING * * *
😱 HP[-4]
You take 4 damage, and now have 6/38 hp.
Fire: a) +2 hunting sling {sling}
Press: ? - help, Q - select action, (/) - cycle Shift-Dir - straight line, f/p - worm
Aim: a worm (lightly wounded, 79% to hit)
You shoot a sling bullet.
The sling bullet barely misses the worm.
The worm barely misses you.
Fire: a) +2 hunting sling {sling}
Press: ? - help, Q - select action, (/) - cycle Shift-Dir - straight line, f/p - worm
Aim: a worm (79% to hit)
You shoot a sling bullet.
The sling bullet hits the worm. 😱 HP[+1] Fire: a) +2 hunting sling {sling}
Press: ? - help, Q - select action, (/) - cycle Shift-Dir - straight line, f/p - worm
Aim: a worm (lightly wounded, 79% to hit)
You shoot a sling bullet. The sling bullet hits the worm.
The worm barely misses you.
Fire: a) +2 hunting sling {sling}
Press: ? - help, Q - select action, (/) - cycle Shift-Dir - straight line, f/p - worm
Aim: a worm (moderately wounded, 79% to hit)
You shoot a sling bullet. The sling bullet hits the worm.
Fire: a) +2 hunting sling {sling}
Press: ? - help, Q - select action, (/) - cycle Shift-Dir - straight line, f/p - worm
Aim: a worm (moderately wounded, 79% to hit)
You shoot a sling bullet. The sling bullet hits the worm!
The worm bites you!
You die...

Skill      XL: |  1  2  3  4  5 |
---------------+----------------+-----
Invocations    | 1 |  1.9
Fighting       | 1 |  1.6
Short Blades   | 1 |  1.6
Long Blades    | 1 |  1.6
Axes           | 1 |  1.6
Maces & Flails | 1 |  1.6
Polearms       | 1 |  1.6
Staves         | 1 |  1.6
Bows           | 1 |  1.6
Crossbows      | 1 |  1.6
Throwing       | 1 |  1.6
Armour         | 1 |  1.6
Stealth        | 1 |  1.6
Shields        | 1 |  1.6
Unarmed Combat | 1 |  1.6
Spellcasting   | 3 |  3.2
Conjurations   | 1 |  1.3
Hexes          | 1 |  1.3
Summonings     | 1 |  1.3
Necromancy     | 1 |  1.3
Translocations | 1 |  1.3
Transmutations | 1 |  1.3
Fire Magic     | 1 |  1.3
Ice Magic      | 1 |  1.3
Earth Magic    | 1 |  1.3
Poison Magic   | 1 |  1.3
Dodging        | 3 |  3.1
Evocations     | 3 |  3.1
Slings         | |  8.7
Air Magic      | |  5.6

Action                   |  1- 3 |  4- 6 || total
-------------------------+-------+-------++-------
Melee: Unarmed           |       |     4 ||     4
       Punch             |       |     1 ||     1
 Fire: Hunting sling     |    73 |   146 ||   219
Evoke: Wand              |     7 |       ||     7
Armor: Robe              |     4 |     6 ||    10
Dodge: Dodged            |    10 |    61 ||    71

Levels and vault maps discovered:
D:1:      minmay_arrival_diagonal_passages, layout_rooms, serial_shops,
          nicolae_shop_behind_doors, hangedman_decor_peaks_small
D:2:      minmay_recursive_quarters, layout_basic, serial_shops,
          nicolae_shop_crystal, minmay_misc_feat_four_crosses,
          grunt_ministairs_15
D:3:      lemuel_castle_with_subvaults [lemuel_castle_interior_carwin_2],
          layout_basic, chequers_temple_overflow_minitemple,
          grunt_ministairs_15, dreamdust_mushroom_princess,
          minmay_misc_feat_room, dk_noncrumbling_2, uniq_sigmund

Notes
Turn   | Place    | Note
-------+----------+-------------------------------------------
     0 | D:1      | spaghetti the Gnoll Wanderer began the quest for the Orb.
     0 | D:1      | spaghetti set off with the following items: a +2 hunting
                  | sling {sling}, a wand of flame (7), a potion of
                  | invisibility, a +0 robe; and the following spells available
                  | to memorise: Poisonous Vapours, Static Discharge
     0 | D:1      | Reached XP level 1. HP: 13/13 MP: 4/4
     0 | D:1      | magus.rc [v1.9.6]
   150 | D:1      | Reached XP level 2. HP: 19/19 MP: 5/5
   180 | D:1      | Reached XP level 3. HP: 25/25 MP: 7/7
   351 | D:1      | Reached skill level 1 in Invocations
   641 | D:1      | Found Rifio's Antique Armour Shoppe.
   654 | D:1      | Reached skill level 1 in Fighting
   654 | D:1      | Reached skill level 1 in Short Blades
   654 | D:1      | Reached skill level 1 in Long Blades
   654 | D:1      | Reached skill level 1 in Axes
   654 | D:1      | Reached skill level 1 in Maces & Flails
   654 | D:1      | Reached skill level 1 in Polearms
   654 | D:1      | Reached skill level 1 in Staves
   654 | D:1      | Reached skill level 1 in Bows
   654 | D:1      | Reached skill level 1 in Crossbows
   654 | D:1      | Reached skill level 1 in Throwing
   654 | D:1      | Reached skill level 1 in Armour
   654 | D:1      | Reached skill level 1 in Stealth
   654 | D:1      | Reached skill level 1 in Shields
   654 | D:1      | Reached skill level 1 in Unarmed Combat
   758 | D:2      | HP: 4/26 [worm (9)]
   922 | D:2      | Reached XP level 4. HP: 22/32 MP: 8/8
  1107 | D:2      | Reached skill level 3 in Spellcasting
  1140 | D:2      | Found Uca Qeg's Distillery.
  1234 | D:2      | Reached skill level 1 in Conjurations
  1234 | D:2      | Reached skill level 1 in Hexes
  1234 | D:2      | Reached skill level 1 in Summonings
  1234 | D:2      | Reached skill level 1 in Necromancy
  1234 | D:2      | Reached skill level 1 in Translocations
  1234 | D:2      | Reached skill level 1 in Transmutations
  1234 | D:2      | Reached skill level 1 in Fire Magic
  1234 | D:2      | Reached skill level 1 in Ice Magic
  1234 | D:2      | Reached skill level 1 in Earth Magic
  1234 | D:2      | Reached skill level 1 in Poison Magic
  1670 | D:2      | Reached XP level 5. HP: 37/37 MP: 9/9
  1926 | D:3      | Reached skill level 3 in Dodging
  1926 | D:3      | Reached skill level 3 in Evocations
  2249 | D:3      | Found a glowing golden altar of the Shining One.
  2249 | D:3      | Found a burning altar of Makhleb.
  2257 | D:3      | Found a glowing silver altar of Zin.
  2259 | D:3      | Found a shimmering altar of Xom.
  2261 | D:3      | Found a hide-covered altar of Uskayaw.
  2491 | D:3      | HP: 6/38 [worm (4)]
  2496 | D:3      | Slain by a worm

Vanquished Creatures
  A bullfrog (D:3)
  2 gnolls (D:1)
  5 adders
  3 worms (D:2)
  2 dart slugs
  6 orcs (D:3)
  6 endoplasms
  4 giant cockroaches
  3 goblins
  3 hobgoblins
  4 jackals
  8 kobolds
  A quokka (D:1)
  4 ball pythons (D:2)
  5 bats
  4 frilled lizards
  10 rats
71 creatures vanquished.

Vanquished Creatures (others)
  17 fungi (D:3)
17 creatures vanquished.

Grand Total: 88 creatures vanquished

Table legend:
 A = Non-vault XP
 B = Vault XP
 C = Vault XP percentage of total XP
 D = Non-vault monster count
 E = Vault monster count
 F = Vault count percentage of total count
                 A         B        C        D         E       F
            +---------+---------+-------+---------+---------+-------
      Total |     179 |     121 |  40.3 |      59 |      12 |  16.9
            +---------+---------+-------+---------+---------+-------
        D:1 |      70 |       4 |   5.4 |      27 |       1 |   3.6
        D:2 |      75 |      26 |  25.7 |      22 |       7 |  24.1
        D:3 |      34 |      91 |  72.8 |      10 |       4 |  28.6
            +---------+---------+-------+---------+---------+-------

Illustrated notes

Table legend:
 A = Kills in this place as a percentage of kills in entire the game.
 B = Kills by you in this place as a percentage of kills by you in the entire game.
 C = Kills by friends in this place as a percentage of kills by friends in the entire game.
 D = Other kills in this place as a percentage of other kills in the entire game.
 E = Experience gained in this place as a percentage of experience gained in the entire game.
 F = Experience gained in this place divided by the number of levels of this place that you have seen.
                   A       B       C       D       E      F
               +-------+-------+-------+-------+-------+----------------------
         Total | 100.0 | 100.0 |   N/A |   N/A | 100.0 | 100.0
       Dungeon | 100.0 | 100.0 |   N/A |   N/A | 100.0 | 100.0
               +-------+-------+-------+-------+-------+----------------------

Table legend: (Time is in decaauts)
 A = Elapsed time spent in this place.
 B = Non-inter-level travel time spent in this place.
 C = Inter-level travel time spent in this place.
 D = Time resting spent in this place.
 E = Time spent auto-exploring this place.
 F = Levels seen in this place.
 G = Mean time per level.
                   A        B        C        D        E       F      G
               +--------+--------+--------+--------+--------+-----+--------+
         Total |   2509 |   2466 |     43 |    158 |   1952 |   3 |  836.3 |
       Dungeon |   2509 |   2466 |     43 |    158 |   1952 |   3 |  836.3 |
               +--------+--------+--------+--------+--------+-----+--------+

Top non-repeatable levels by time:
     D:2: 1171 daAuts
     D:1: 752 daAuts
     D:3: 585 daAuts
